 Dungeon Crawl Stone Soup version 0.15-a0-1646-g393eda0 (console) character file.

579 Mac the Cleaver (level 7, -5/57 HPs)
             Began as a Minotaur Fighter on June 22, 2014.
             Slain by an orc
             ... wielding a +0 flail
              (6 damage)
             ... on Level 4 of the Dungeon.
             The game lasted 00:04:24 (858 turns).

Mac the Cleaver (Minotaur Fighter)                   Turns: 858, Time: 00:04:25

HP  -5/57        AC  0     Str 23      XL: 7   Next: 13%
MP   3/3         EV  9     Int  5      God:
Gold 144         SH  9     Dex  9      Spells:  0 memorised,  6 levels left

rFire  . . .     SeeInvis .     a - +0 war axe
rCold  . . .     Clarity  .     (no armour)
rNeg   . . .     rCorr    .     c - +0 shield
rPois  .         rRot     .     (helmet restricted)
rElec  .         Spirit   .     (no cloak)
SustAb .         Warding  .     (no gloves)
rMut   .         Stasis   .     (no boots)
Gourm  .                        s - cursed amulet of inaccuracy
MR     .....                    (no ring)
                                (no ring)

@: not resistant to hostile enchantments, very unstealthy
A: retaliatory headbutt, horns 2
a: no special abilities


You were on level 4 of the Dungeon.
You were not hungry.

You visited 1 branch of the dungeon, and saw 5 of its levels.

You collected 144 gold pieces.

Inventory:

Hand weapons
 a - a +0 war axe (weapon)
Armour
 b - a +0 scale mail
 c - a +0 shield (worn)
 n - a +0 plate armour
 u - a +0 leather armour
Magical devices
 j - a wand of cold (2)
Comestibles
 d - 3 bread rations
 h - a meat ration
 o - 2 royal jellies
 r - a beef jerky
Scrolls
 f - a scroll of fog
 k - 2 scrolls of enchant weapon
 l - a scroll of blinking
Jewellery
 q - an uncursed amulet of rage
 s - a cursed amulet of inaccuracy (around neck)
Potions
 e - 3 potions of might
 i - a potion of confusion {unknown}
 m - 2 potions of curing {unknown}
 p - a potion of haste {unknown}


   Skills:
 - Level 3.6 Fighting
 + Level 9.5 Axes
 - Level 3.6 Armour
 - Level 3.6 Shields


You had 6 spell levels left.
You didn't know any spells.

Dungeon Overview and Level Annotations

Branches:
Dungeon (5/15)
 Temple: D:4-7

Altars:
Qazlal


Innate Abilities, Weirdness & Mutations

You reflexively headbutt those who attack you in melee.
You have a pair of horns on your head.


Message History

You feel much better. The orc hits you but does no damage.
The orc hits you with a flail. Something hits you.
You barely miss something. The orc barely misses you.
You block the orc's attack. The orc hits you with a flail.
* * * LOW HITPOINT WARNING * * *
Something hits you.
* * * LOW HITPOINT WARNING * * *
You closely miss something. The orc hits you with a whip!
* * * LOW HITPOINT WARNING * * *
You block the orc's attack. Something hits you.
* * * LOW HITPOINT WARNING * * *
The orc hits you but does no damage.
Wear which item? (? for menu, Esc to quit)
Okay, then.
Your shield prevents you from hitting the orc.
You closely miss the orc. You block the orc's attack.
You block the orc's attack. Something hits you.
* * * LOW HITPOINT WARNING * * *
The orc hits you with a flail.
You die...

#...# ###..# #...# #.##.#
#...# #.)'.# #...# #.##.#
## #..)# ###..#
..####(..####....#
#....##%##....##.#
.....)((().(.###o###
###.............@o.#####
##...(..####.####o.....##
..........<.............#
...#....####.####......##
####....# #.#.......###
#....# #.........#
####.## ###.......# #..##
#.......# ##..## .......#


You could see 3 orcs.

Vanquished Creatures
  A black bear (D:4)
  An ogre (D:4)
  3 vampire bats (D:4)
  A hound (D:4)
  A black bear skeleton (D:4)
  6 worker ants
  A gnoll (D:4)
  3 adders
  A giant gecko (D:4)
  An ooze (D:1)
  2 orcs (D:4)
  6 bats
  3 giant cockroaches
  6 hobgoblins
  6 kobolds
  2 giant newts (D:2)
  3 goblins
  2 rats (D:4)
49 creatures vanquished.

Notes
Turn   | Place    | Note
--------------------------------------------------------------
     0 | D:1      | Mac, the Minotaur Fighter, began the quest for the Orb.
     0 | D:1      | Reached XP level 1. HP: 19/19 MP: 1/1
     3 | D:1      | Noticed a shark
     3 | D:1      | Noticed a shark
    70 | D:1      | Reached XP level 2. HP: 26/26 MP: 1/1
   187 | D:4      | Reached skill level 4 in Axes
   187 | D:4      | Reached XP level 3. HP: 31/31 MP: 2/2
   205 | D:4      | Reached skill level 5 in Axes
   220 | D:5      | Entered Level 5 of the Dungeon
   231 | D:5      | Reached XP level 4. HP: 35/39 MP: 2/2
   307 | D:5      | Found a stormy altar of Qazlal.
   372 | D:4      | Reached skill level 6 in Axes
   399 | D:4      | Reached XP level 5. HP: 45/45 MP: 2/2
   402 | D:4      | Noticed a vampire bat
   402 | D:4      | Noticed a vampire bat
   406 | D:4      | Killed a vampire bat
   407 | D:4      | Noticed a vampire bat
   410 | D:4      | Killed a vampire bat
   410 | D:4      | Reached skill level 7 in Axes
   413 | D:4      | Killed a vampire bat
   426 | D:4      | Reached XP level 6. HP: 51/51 MP: 3/3
   494 | D:4      | Noticed an ogre
   500 | D:4      | Killed an ogre
   500 | D:4      | Reached skill level 8 in Axes
   674 | D:4      | Noticed a black bear
   699 | D:4      | Killed a black bear
   699 | D:4      | Reached skill level 9 in Axes
   711 | D:4      | Reached XP level 7. HP: 39/57 MP: 3/3
   858 | D:4      | HP: 1/57 [something (3)]
   858 | D:4      | Slain by an orc

Action                   |  1- 3 |  4- 6 |  7- 9 || total
-------------------------+-------+-------+-------++-------
Melee: War axe           |    32 |    75 |    35 ||   142
Evoke: Wand              |       |       |     1 ||     1
  Use: Scroll            |       |     6 |     1 ||     7
       Potion            |       |       |     1 ||     1
